 Dungeon Crawl Stone Soup version 0.20.0-15-g7f486f2 (webtiles) character file.

122 xgamer67 the Insei (level 4, -6/34 HPs)
             Began as a Demigod Transmuter on June 10, 2017.
             Killed from afar by Natasha (8 damage)
             ... with a wand of flame (?/48)
             ... on level 2 of the Dungeon.
             The game lasted 00:04:32 (1328 turns).

xgamer67 the Insei (Demigod Transmuter)             Turns: 1328, Time: 00:04:32

Health: -6/34      AC:  5    Str: 15    XL:     4   Next: 50%
Magic:  9/9        EV: 12    Int: 17    God:
Gold:   102        SH:  0    Dex: 16    Spells: 3/6 levels left

rFire    . . .     SeeInvis .     - Unarmed
rCold    + . .     Gourm    .   (no shield)
rNeg     . . .     Faith    .   i - +0 leather armour
rPois    .         Spirit   .   p - +0 helmet (curse)
rElec    .         Reflect  .   (no cloak)
rCorr    .         Harm     .   e - +0 pair of gloves
MR       .....                  (no boots)
Stlth    +.........             h - amulet of regeneration
Regen    0.6/turn               m - ring of protection from cold
MPRegen  0.2/turn               (no ring)

@: slowed, very slow
A: high mp 1
a: no special abilities


You were on level 2 of the Dungeon.
You were not hungry.

You visited 1 branch of the dungeon, and saw 2 of its levels.

You collected 102 gold pieces.

Inventory:

Missiles
 a - 9 arrows
 g - 28 poisoned needles
Armour
 e - a +0 pair of gloves (worn)
 i - a +0 leather armour (worn)
 p - a cursed +0 helmet (worn)
Jewellery
 h - an amulet of regeneration (around neck)
 m - a ring of protection from cold (left hand)
Scrolls
 b - a scroll of identify {unknown}
 f - a scroll of fog
 l - a scroll of remove curse {unknown}
 q - a scroll of teleportation {unknown}
 r - a scroll of blinking {unknown}
Books
 c - a book of Changes

   Spells                             Type                      Level
   a - Beastly Appendage              Transmutation                1
   b - Sticks to Snakes               Transmutation                2
   c - Spider Form                    Transmutation/Poison         3
   d - Ice Form                       Ice/Transmutation            4
   e - Blade Hands                    Transmutation                5
Comestibles
 d - 3 bread rations
 j - a meat ration
 n - 3 chunks of flesh
 o - 4 fruits


   Skills:
 - Level 0.8 Fighting
 - Level 1.7 Dodging
 + Level 5.1 Unarmed Combat
 - Level 1.7 Spellcasting
 - Level 1.7 Transmutations


You had 3 spell levels left.
You knew the following spells:

 Your Spells              Type           Power        Failure   Level  Hunger
a - Beastly Appendage     Tmut           #.....       12%         1    #......
b - Sticks to Snakes      Tmut           #.......     19%         2    ###....


Dungeon Overview and Level Annotations

Branches:
Dungeon (2/15)

Annotations:
D:2 Natasha


Innate Abilities, Weirdness & Mutations

You have an increased reservoir of magic. (+10% MP)


Message History

The crimson imp barely misses you. The white imp barely misses you.
You completely miss Natasha.
Natasha is lightly wounded.
Natasha barely misses you. The crimson imp barely misses you.
The white imp hits you but does no damage.
Natasha mumbles some strange words.
You barely miss Natasha.
Natasha is lightly wounded.
The crimson imp completely misses you. The white imp hits you.
* * * LOW HITPOINT WARNING * * *
The white imp freezes you. You resist.
* * * LOW HITPOINT WARNING * * *
Natasha claws you.
* * * LOW HITPOINT WARNING * * *
The crimson imp hits you but does no damage.
You hit Natasha.
Natasha is heavily wounded.
The white imp hits you but does no damage.
Natasha zaps a wand.
The puff of flame hits you!
You die...

###### #....# #. #
#....###....### #.
.>##....##.......# #.
#.>.....##.....#.#######.
####............#......##.
.........###....######..##
.........#############...
##.....5....# #...####.
#.#...5@##.### #...# #[ #
#...h5.#...###...# #.
##......##)(.).).# #. #.#.
#......#..###...# ## #.#.
#†........# #...# ##
##...####.........###...# ..
.......#...............####.#
........................##..#
....)..##.#........#..(..#.##


You could see Natasha, 2 crimson imps and a white imp.

Vanquished Creatures
  Natasha (twice) (D:2)
  2 adders (D:2)
  2 dart slugs (D:1)
  2 leopard geckos
  6 goblins (D:1)
  5 hobgoblins
  2 quokkas (D:2)
  7 bats
  2 frilled lizards (D:1)
  4 kobolds
  3 rats (D:2)
37 creatures vanquished.

Vanquished Creatures (collateral kills)
  2 adders (D:2)
  A kobold (D:2)
3 creatures vanquished.

Grand Total: 40 creatures vanquished

Notes
Turn   | Place    | Note
-------+----------+-------------------------------------------
     0 | D:1      | xgamer67 the Demigod Transmuter began the quest for the Orb.
     0 | D:1      | Reached XP level 1. HP: 15/15 MP: 5/5
   139 | D:1      | Reached skill level 3 in Unarmed Combat
   356 | D:1      | Reached XP level 2. HP: 20/22 MP: 7/7
   360 | D:1      | Learned a level 2 spell: Sticks to Snakes
   885 | D:2      | Reached XP level 3. HP: 24/27 MP: 2/8
   895 | D:2      | Reached skill level 4 in Unarmed Combat
  1098 | D:2      | Noticed Natasha
  1110 | D:2      | Killed Natasha
  1110 | D:2      | Reached XP level 4. HP: 7/34 MP: 5/9
  1270 | D:2      | Noticed Natasha
  1287 | D:2      | Killed Natasha
  1287 | D:2      | Reached skill level 5 in Unarmed Combat
  1308 | D:2      | Noticed Natasha
  1327 | D:2      | HP: 1/34 [Natasha (5)]
  1328 | D:2      | Killed from afar by Natasha

Skill      XL: |  1  2  3  4 |
---------------+-------------+-----
Unarmed Combat | 3 4 5 |  5.1
Fighting       | |  0.8
Dodging        | |  1.7
Spellcasting   | |  1.7
Transmutations | |  1.7

Action                   |  1- 3 |  4- 6 || total
-------------------------+-------+-------++-------
Melee: Unarmed           |   110 |    27 ||   137
       Headbutt          |     2 |       ||     2
       Kick              |     5 |     1 ||     6
       Punch             |       |     1 ||     1
 Cast: Beastly Appendage |     7 |     2 ||     9
       Sticks to Snakes  |     3 |       ||     3
  Use: Scroll            |     1 |       ||     1
       Potion            |       |     1 ||     1
 Stab: Sleeping          |     3 |       ||     3
  Eat: Chunk             |     1 |     1 ||     2
Armor: Robe              |     6 |       ||     6
       Leather armour    |    16 |     8 ||    24
Dodge: Dodged            |    69 |    20 ||    89
